| TOP OF THE 1ST |
|
Chicago (APP) Cubs batting - Pitching for Helena Brewers : LHP Sam Glaser
|
|
Pitching: LHP Sam Glaser
|
|
|
Batting: RHB Hugo Torrez
|
0-0: Ball 1-0: Ball 2-0: Called Strike 2-1: DOUBLE (Flyball, 89D, EV 97.5 MPH)
|
|
Batting: RHB Adrian Cox
|
0-0: Ball 1-0: Called Strike 1-1: Ball 2-1: Foul Ball, location: 2F 2-2: Fly out, F9 (Line Drive, 9S, EV 93.1 MPH)
|
|
Batting: RHB Roy Battist
|
0-0: Ball 1-0: Ball 2-0: Fly out, F9 (Flyball, 89S, EV 86.9 MPH)
|
|
Batting: RHB Mike Larson
|
0-0: Ball 1-0: SINGLE (Line Drive, 34D, EV 97.5 MPH) Hugo Torrez to third
|
|
Batting: RHB Josh Burns
|
0-0: Ball 1-0: Ball 2-0: Called Strike 2-1: Ball 3-1: Swinging Strike 3-2: TRIPLE (Line Drive, 89XD, EV 103.1 MPH) Hugo Torrez scores Mike Larson scores
|
|
Batting: RHB Jose Sanchez
|
0-0: Called Strike 0-1: Foul Ball, location: 2F 0-2: Ball 1-2: Strikes out swinging
|
| Top of the 1st over - 2 runs, 3 hits, 0 errors, 1 left on base; Chicago (APP) 2 - Helena 0 |
| BOTTOM OF THE 1ST |
|
Helena Brewers batting - Pitching for Chicago (APP) Cubs : RHP Bogdan Sdobnyakov
|
|
Pitching: RHP Bogdan Sdobnyakov
|
|
|
Batting: RHB Wiliama Dana
|
0-0: Bunt for hit to 25 - play at first, batter OUT! 5-3
|
|
Batting: LHB Karel Hort
|
0-0: Called Strike 0-1: Ball 1-1: Swinging Strike 1-2: Strikes out swinging
|
|
Batting: RHB Ryan Miller
|
0-0: Swinging Strike 0-1: Foul Ball, location: 2F 0-2: Ball 1-2: Ball 2-2: Strikes out looking
|
| Bottom of the 1st over - 0 runs, 0 hits, 0 errors, 0 left on base; Chicago (APP) 2 - Helena 0 |
| TOP OF THE 2ND |
|
Chicago (APP) Cubs batting - Pitching for Helena Brewers : LHP Sam Glaser
|
|
Batting: RHB T.J. Garrison
|
0-0: Ball 1-0: Foul Ball, location: 2F 1-1: Foul Ball, location: 2F 1-2: Strikes out looking
|
|
Batting: LHB Hiroki Yamamoto
|
0-0: Reached on error, E4 (Groundball, 4, EV 91.9 MPH)
|
|
Batting: RHB Mike Hill
|
0-0: Ball 1-0: Ball 2-0: Ball 3-0: Base on Balls Hiroki Yamamoto to second
|
|
Batting: RHB Hugo Torrez
|
0-0: Ball 1-0: Ball 2-0: Ball 3-0: Base on Balls Hiroki Yamamoto to third Mike Hill to second
|
|
Batting: RHB Adrian Cox
|
0-0: Ball 1-0: Ball 2-0: Fly out, F9 (Flyball, 89M, EV 91.9 MPH)
|
|
Batting: RHB Roy Battist
|
0-0: Called Strike 0-1: Swinging Strike 0-2: Ball 1-2: Strikes out swinging
|
| Top of the 2nd over - 0 runs, 0 hits, 1 error, 3 left on base; Chicago (APP) 2 - Helena 0 |
| BOTTOM OF THE 2ND |
|
Helena Brewers batting - Pitching for Chicago (APP) Cubs : RHP Bogdan Sdobnyakov
|
|
Batting: LHB Mark Backstrom
|
0-0: Called Strike 0-1: Foul Ball, location: 2F 0-2: Ground out 1-3 (Groundball, 15S, EV 75.6 MPH)
|
|
Batting: LHB Greg Reedy
|
0-0: Called Strike 0-1: Ball 1-1: Called Strike 1-2: Strikes out swinging
|
|
Batting: LHB Danny Bautista
|
0-0: Ball 1-0: Swinging Strike 1-1: Swinging Strike 1-2: Strikes out swinging
|
| Bottom of the 2nd over - 0 runs, 0 hits, 0 errors, 0 left on base; Chicago (APP) 2 - Helena 0 |
| TOP OF THE 3RD |
|
Chicago (APP) Cubs batting - Pitching for Helena Brewers : LHP Sam Glaser
|
|
Batting: RHB Mike Larson
|
0-0: Foul Ball, location: 2F 0-1: Called Strike 0-2: Ball 1-2: Foul Ball, location: 2F 1-2: Strikes out swinging
|
|
Batting: RHB Josh Burns
|
0-0: Swinging Strike 0-1: Foul Ball, location: 2F 0-2: Ball 1-2: Ball 2-2: Foul Ball, location: 2F 2-2: Foul Ball, location: 2F 2-2: Strikes out swinging
|
|
Pitching: LHP Tony Salazar
|
|
|
Batting: RHB Jose Sanchez
|
0-0: Foul Ball, location: 2F 0-1: Foul Ball, location: 2F 0-2: Ball 1-2: Ball 2-2: Ball 3-2: Base on Balls
|
|
Batting: RHB T.J. Garrison
|
0-0: 2-RUN HOME RUN (Flyball, 7LD, EV 90.0 MPH), Distance : 346 ft
|
|
Batting: LHB Hiroki Yamamoto
|
0-0: Ball 1-0: Ground out 4-3 (Groundball, 4, EV 92.5 MPH)
|
| Top of the 3rd over - 2 runs, 1 hit, 0 errors, 0 left on base; Chicago (APP) 4 - Helena 0 |
| BOTTOM OF THE 3RD |
|
Helena Brewers batting - Pitching for Chicago (APP) Cubs : RHP Bogdan Sdobnyakov
|
|
Batting: RHB Alfredo Sena
|
0-0: Ball 1-0: Ball 2-0: Called Strike 2-1: Ball 3-1: Base on Balls
|
|
Batting: RHB Jesus Menjivar
|
0-0: Called Strike 0-1: Ball 1-1: Ball 2-1: Called Strike 2-2: Strikes out swinging
|
|
Batting: RHB Gil Sanchez
|
0-0: Ball 1-0: Ball 2-0: Ball 3-0: Called Strike 3-1: Foul Ball, location: 2F 3-2: Fly out, F9 (Flyball, 9, EV 91.9 MPH)
|
|
Batting: RHB Wiliama Dana
|
0-0: Called Strike 0-1: Ball Wild Pitch! Alfredo Sena to second 1-1: Called Strike 1-2: Ground out 4-3 (Groundball, 34, EV 100.0 MPH)
|
| Bottom of the 3rd over - 0 runs, 0 hits, 0 errors, 1 left on base; Chicago (APP) 4 - Helena 0 |
| TOP OF THE 4TH |
|
Chicago (APP) Cubs batting - Pitching for Helena Brewers : LHP Tony Salazar
|
|
Batting: RHB Mike Hill
|
0-0: Ball 1-0: Called Strike 1-1: Ball 2-1: Foul Ball, location: 2F 2-2: Strikes out swinging
|
|
Batting: RHB Hugo Torrez
|
0-0: Ball 1-0: Ball 2-0: Called Strike 2-1: Swinging Strike 2-2: Strikes out looking
|
|
Pitching: RHP Mark Frizzell
|
|
|
Batting: RHB Adrian Cox
|
0-0: Ball 1-0: DOUBLE (Groundball, 5L, EV 109.4 MPH)
|
|
Batting: RHB Roy Battist
|
0-0: Swinging Strike 0-1: Ball 1-1: Foul Ball, location: 2F 1-2: Strikes out looking
|
| Top of the 4th over - 0 runs, 1 hit, 0 errors, 1 left on base; Chicago (APP) 4 - Helena 0 |
| BOTTOM OF THE 4TH |
|
Helena Brewers batting - Pitching for Chicago (APP) Cubs : RHP Bogdan Sdobnyakov
|
|
Batting: LHB Karel Hort
|
0-0: Foul Ball, location: 2F 0-1: Fly out, F7 (Line Drive, 78M, EV 98.8 MPH)
|
|
Batting: RHB Ryan Miller
|
0-0: Swinging Strike 0-1: Foul Ball, location: 2F 0-2: Ball 1-2: Ball 2-2: Foul Ball, location: 2F 2-2: Ball 3-2: Base on Balls
|
|
Batting: LHB Mark Backstrom
|
0-0: Ball 1-0: Ball Pickoff Throw to First - Out! 1-3 2-0: Ball 3-0: Swinging Strike 3-1: Base on Balls
|
|
Batting: LHB Greg Reedy
|
0-0: Ball 1-0: Ball Wild Pitch! Mark Backstrom to second 2-0: Called Strike 2-1: Ball 3-1: Foul Ball, location: 2F 3-2: Base on Balls
|
|
Batting: LHB Danny Bautista
|
0-0: Called Strike 0-1: Fielders Choice at 2nd, 6-4 (Groundball, 56, EV 85.6 MPH)
|
| Bottom of the 4th over - 0 runs, 0 hits, 0 errors, 2 left on base; Chicago (APP) 4 - Helena 0 |
| TOP OF THE 5TH |
|
Chicago (APP) Cubs batting - Pitching for Helena Brewers : RHP Mark Frizzell
|
|
Batting: RHB Mike Larson
|
0-0: Ball 1-0: Ball 2-0: Called Strike 2-1: Fly out, F8 (Flyball, 8LD, EV 91.2 MPH)
|
|
Batting: RHB Josh Burns
|
0-0: Called Strike 0-1: Called Strike 0-2: Foul Ball, location: 2F 0-2: Ball 1-2: Ball 2-2: Ball 3-2: Foul Ball, location: 2F 3-2: Strikes out swinging
|
|
Pitching: LHP Jon Ortiz
|
|
|
Batting: RHB Jose Sanchez
|
0-0: Called Strike 0-1: Ball 1-1: Ball 2-1: SOLO HOME RUN (Flyball, 78XD, EV 101.9 MPH), Distance : 424 ft
|
|
Batting: RHB T.J. Garrison
|
0-0: Ball 1-0: Ball 2-0: Called Strike 2-1: Ball 3-1: Base on Balls
|
|
Batting: LHB Hiroki Yamamoto
|
0-0: Ball 1-0: Ball 2-0: Ball 3-0: Called Strike 3-1: Base on Balls T.J. Garrison to second
|
|
Batting: RHB Mike Hill
|
0-0: Ball 1-0: Ball 2-0: Ball 3-0: Base on Balls T.J. Garrison to third Hiroki Yamamoto to second
|
|
Pitching: RHP Josh Brakefield
|
|
|
Batting: RHB Hugo Torrez
|
0-0: Called Strike 0-1: Ball 1-1: Ball 2-1: Called Strike 2-2: Ball 3-2: Foul Ball, location: 2F 3-2: Fly out, F8 (Flyball, 78M, EV 90.0 MPH)
|
| Top of the 5th over - 1 run, 1 hit, 0 errors, 3 left on base; Chicago (APP) 5 - Helena 0 |
| BOTTOM OF THE 5TH |
|
Helena Brewers batting - Pitching for Chicago (APP) Cubs : RHP Bogdan Sdobnyakov
|
|
Batting: RHB Alfredo Sena
|
0-0: Called Strike 0-1: Swinging Strike 0-2: Ball 1-2: Ground out 4-3 (Groundball, 4, EV 88.1 MPH)
|
|
Batting: RHB Jesus Menjivar
|
0-0: Ball 1-0: Ball 2-0: Swinging Strike 2-1: Called Strike 2-2: Strikes out looking
|
|
Batting: RHB Gil Sanchez
|
0-0: Called Strike 0-1: Called Strike 0-2: Ball 1-2: Foul Ball, location: 2F 1-2: Ball 2-2: Ball 3-2: Strikes out swinging
|
| Bottom of the 5th over - 0 runs, 0 hits, 0 errors, 0 left on base; Chicago (APP) 5 - Helena 0 |
| TOP OF THE 6TH |
|
Chicago (APP) Cubs batting - Pitching for Helena Brewers : RHP Josh Brakefield
|
|
Batting: RHB Adrian Cox
|
0-0: Foul Ball, location: 2F 0-1: Ball 1-1: Ball 2-1: Ball 3-1: Foul Ball, location: 2F 3-2: Foul Ball, location: 2F 3-2: Strikes out swinging
|
|
Batting: RHB Roy Battist
|
0-0: Foul Ball, location: 2F 0-1: Ball 1-1: Foul Ball, location: 2F 1-2: Foul Ball, location: 2F 1-2: Ball 2-2: Ball 3-2: Base on Balls
|
|
Pitching: LHP Tim Phillips
|
|
|
Batting: RHB Mike Larson
|
0-0: Ball 1-0: Ball 2-0: Called Strike 2-1: Swinging Strike 2-2: Strikes out looking
|
|
Batting: RHB Josh Burns
|
0-0: Ball 1-0: Ball 2-0: Foul Ball, location: 2F 2-1: Foul Ball, location: 2F 2-2: Ball 3-2: Foul Ball, location: 2F 3-2: Base on Balls Roy Battist to second
|
|
Batting: RHB Jose Sanchez
|
0-0: Ball 1-0: Foul Ball, location: 2F 1-1: Ground out 4-3 (Groundball, 4S, EV 68.1 MPH)
|
| Top of the 6th over - 0 runs, 0 hits, 0 errors, 2 left on base; Chicago (APP) 5 - Helena 0 |
| BOTTOM OF THE 6TH |
|
Helena Brewers batting - Pitching for Chicago (APP) Cubs : RHP Bogdan Sdobnyakov
|
|
Pitching: RHP Velimir Sljivancanin
|
|
|
Batting: RHB Wiliama Dana
|
0-0: Called Strike 0-1: Ball 1-1: Ball 2-1: Ball 3-1: SINGLE (Line Drive, 89S, EV 111.9 MPH)
|
|
Batting: LHB Karel Hort
|
0-0: Called Strike 0-1: Foul Ball, location: 2F 0-2: Fly out, F8 (Flyball, 78S, EV 80.0 MPH)
|
|
Batting: RHB Ryan Miller
|
0-0: Ball Wiliama Dana steals 2nd base (no throw) 1-0: SINGLE (Groundball, 56, EV 95.0 MPH) Wiliama Dana to third
|
|
Batting: LHB Mark Backstrom
|
0-0: Ball 1-0: Ball 2-0: Ball 3-0: Called Strike 3-1: Base on Balls Ryan Miller to second
|
|
Batting: LHB Greg Reedy
|
0-0: Ball 1-0: Fly out, F5 (Line Drive, 5L, EV 61.9 MPH)
|
|
Batting: LHB Danny Bautista
|
0-0: Foul Ball, location: 2F 0-1: Swinging Strike 0-2: Foul Ball, location: 2F 0-2: Ball 1-2: Strikes out looking
|
| Bottom of the 6th over - 0 runs, 2 hits, 0 errors, 3 left on base; Chicago (APP) 5 - Helena 0 |
| TOP OF THE 7TH |
|
Chicago (APP) Cubs batting - Pitching for Helena Brewers : LHP Tim Phillips
|
|
Pitching: RHP Adam Robinson
|
|
|
Batting: RHB T.J. Garrison
|
0-0: Swinging Strike 0-1: Called Strike 0-2: Strikes out swinging
|
|
Batting: LHB Hiroki Yamamoto
|
0-0: Ball 1-0: Ball 2-0: Ball 3-0: Called Strike 3-1: Base on Balls
|
|
Batting: RHB Mike Hill
|
0-0: Ball 1-0: Foul Ball, location: 2F 1-1: Ball 2-1: Ball 3-1: Called Strike 3-2: Base on Balls Hiroki Yamamoto to second
|
|
Batting: RHB Hugo Torrez
|
0-0: Called Strike 0-1: Ball 1-1: Ball 2-1: Ball 3-1: Base on Balls Hiroki Yamamoto to third Mike Hill to second
|
|
Batting: RHB Adrian Cox
|
0-0: Called Strike 0-1: GRAND SLAM HOME RUN (Flyball, 7D, EV 103.1 MPH), Distance : 369 ft
|
|
Batting: RHB Roy Battist
|
0-0: SOLO HOME RUN (Line Drive, 9D, EV 99.4 MPH), Distance : 382 ft
|
|
Pitching: RHP Michael Dickerson
|
|
|
Batting: RHB Mike Larson
|
0-0: Ball 1-0: Called Strike 1-1: Foul Ball, location: 2F 1-2: Foul Ball, location: 2F 1-2: Ball 2-2: Foul Ball, location: 2F 2-2: Ball 3-2: Base on Balls
|
|
Batting: RHB Josh Burns
|
0-0: Swinging Strike 0-1: Ball 1-1: Ball 2-1: Ball 3-1: Grounds into double play, 6-4-3 (Groundball, 56D, EV 81.2 MPH)
|
| Top of the 7th over - 5 runs, 2 hits, 0 errors, 0 left on base; Chicago (APP) 10 - Helena 0 |
| BOTTOM OF THE 7TH |
|
Helena Brewers batting - Pitching for Chicago (APP) Cubs : RHP Velimir Sljivancanin
|
|
Batting: RHB Alfredo Sena
|
0-0: Called Strike 0-1: Ball 1-1: Ball 2-1: Foul Ball, location: 2F 2-2: Strikes out swinging
|
|
Batting: RHB Jesus Menjivar
|
0-0: Called Strike 0-1: Ball 1-1: Ball 2-1: Called Strike 2-2: Fly out, F9 (Line Drive, 89M, EV 97.5 MPH)
|
|
Batting: RHB Victor Alarcon
|
0-0: Called Strike 0-1: Swinging Strike 0-2: Ball 1-2: Ball 2-2: Foul Ball, location: 2F 2-2: Ball 3-2: Fly out, F8 (Flyball, 8LD, EV 88.1 MPH)
|
| Bottom of the 7th over - 0 runs, 0 hits, 0 errors, 0 left on base; Chicago (APP) 10 - Helena 0 |
| TOP OF THE 8TH |
|
Chicago (APP) Cubs batting - Pitching for Helena Brewers : RHP Michael Dickerson
|
|
Batting: RHB Jose Sanchez
|
0-0: Swinging Strike 0-1: Ball 1-1: Foul Ball, location: 2F 1-2: Ball 2-2: Foul Ball, location: 2F 2-2: Foul Ball, location: 2F 2-2: Foul Ball, location: 2F 2-2: Foul Ball, location: 2F 2-2: Ball 3-2: Foul Ball, location: 2F 3-2: Foul Ball, location: 2F 3-2: SINGLE (Groundball, 6MD, EV 103.8 MPH)
|
|
Batting: RHB Chris Stec
|
0-0: Ball 1-0: Ball 2-0: Ball Wild Pitch! Jose Sanchez to second 3-0: Base on Balls
|
|
Batting: LHB Hiroki Yamamoto
|
0-0: DOUBLE (Line Drive, 7LS, EV 101.2 MPH) Jose Sanchez scores Chris Stec to third
|
|
Batting: RHB Mike Hill
|
0-0: Ball Wild Pitch! Chris Stec scores Hiroki Yamamoto to third 1-0: Called Strike 1-1: Ball 2-1: Ball 3-1: Ground out 6-3 (Groundball, 6S, EV 71.2 MPH) Hiroki Yamamoto scores
|
|
Batting: RHB Hugo Torrez
|
0-0: Ball 1-0: SINGLE (Flyball, 89S, EV 92.5 MPH)
|
|
Batting: RHB Adrian Cox
|
0-0: Called Strike 0-1: Ball 1-1: Ball 2-1: Called Strike 2-2: Hit by Pitch Hugo Torrez to second
|
|
Pitching: RHP Jose Cerritos
|
|
|
Batting: RHB Roy Battist
|
0-0: Ball 1-0: Called Strike 1-1: Called Strike 1-2: Strikes out swinging
|
|
Batting: RHB Mike Larson
|
0-0: Ground out 1-3 (Groundball, 34S, EV 68.8 MPH)
|
| Top of the 8th over - 3 runs, 3 hits, 0 errors, 2 left on base; Chicago (APP) 13 - Helena 0 |
| BOTTOM OF THE 8TH |
|
Helena Brewers batting - Pitching for Chicago (APP) Cubs : RHP Velimir Sljivancanin
|
|
Pitching: RHP Anastagio Fasola
|
|
|
Batting: RHB Wiliama Dana
|
0-0: Foul Ball, location: 2F 0-1: Ball 1-1: Swinging Strike 1-2: Strikes out swinging
|
|
Batting: LHB Karel Hort
|
0-0: Called Strike 0-1: Foul Ball, location: 2F 0-2: Foul Ball, location: 2F 0-2: Foul Ball, location: 2F 0-2: Ball 1-2: Strikes out swinging
|
|
Batting: RHB Ryan Miller
|
0-0: Fly out, F9 (Flyball, 9, EV 84.4 MPH)
|
| Bottom of the 8th over - 0 runs, 0 hits, 0 errors, 0 left on base; Chicago (APP) 13 - Helena 0 |
| TOP OF THE 9TH |
|
Chicago (APP) Cubs batting - Pitching for Helena Brewers : RHP Jose Cerritos
|
|
Pinch Hitting: RHB Dustin Goldsborough
|
0-0: Called Strike 0-1: Called Strike 0-2: SINGLE (Groundball, 6M, EV 108.8 MPH) (infield hit)
|
|
Batting: RHB Jose Sanchez
|
0-0: Ball 1-0: Grounds into double play, 5-4-3 (Groundball, 5, EV 83.1 MPH)
|
|
Batting: RHB Chris Stec
|
0-0: SINGLE (Line Drive, 56, EV 95.6 MPH)
|
|
Batting: LHB Hiroki Yamamoto
|
0-0: Ball 1-0: Ball 2-0: Called Strike 2-1: Ball 3-1: Foul Ball, location: 2F 3-2: Foul Ball, location: 2F 3-2: Strikes out swinging
|
| Top of the 9th over - 0 runs, 2 hits, 0 errors, 1 left on base; Chicago (APP) 13 - Helena 0 |
| BOTTOM OF THE 9TH |
|
Helena Brewers batting - Pitching for Chicago (APP) Cubs : RHP Anastagio Fasola
|
|
Now at C: Dustin Goldsborough
|
|
|
Batting: LHB Mark Backstrom
|
0-0: Ball 1-0: Ball 2-0: Called Strike 2-1: Foul Ball, location: 2F 2-2: Foul Ball, location: 2F 2-2: Ball 3-2: Strikes out swinging
|
|
Batting: LHB Greg Reedy
|
0-0: Ground out U3 (Groundball, 3, EV 86.2 MPH)
|
|
Batting: LHB Danny Bautista
|
0-0: Called Strike 0-1: Ball 1-1: Ball 2-1: Foul Ball, location: 2F 2-2: SOLO HOME RUN (Flyball, 9LD, EV 88.1 MPH), Distance : 336 ft
|
|
Batting: RHB Alfredo Sena
|
0-0: Ball 1-0: Foul Ball, location: 2F 1-1: Ball 2-1: Ball 3-1: Foul Ball, location: 2F 3-2: Ground out 5-3 (Groundball, 56S, EV 68.8 MPH)
|
| Bottom of the 9th over - 1 run, 1 hit, 0 errors, 0 left on base; Chicago (APP) 13 - Helena 1 |
|